 Dungeon Crawl Stone Soup version 0.20.1-1-g8b1a95d (webtiles) character file.

7 letownia2 the Grave Robber (level 1, -11/15 HPs)
             Began as a Deep Dwarf Necromancer on Dec 15, 2017.
             Mangled by an ogre
             ... wielding a +0 giant club
              (14 damage)
             ... on level 5 of the Dungeon.
             The game lasted 00:01:44 (764 turns).

letownia2 the Grave Robber (Deep Dwarf Necromancer)  Turns: 764, Time: 00:01:45

Health: -11/15     AC:  3    Str: 11    XL:     1   Next: 83%
Magic:  3/3        EV: 12    Int: 15    God:
Gold:   75         SH:  0    Dex: 13    Spells: 3/4 levels left

rFire    . . .     SeeInvis .   e - +0 dagger
rCold    . . .     Gourm    .   (no shield)
rNeg     . . .     Faith    .   f - +0 leather armour (curse)
rPois    .         Spirit   .   (no helmet)
rElec    .         Reflect  .   (no cloak)
rCorr    .         Harm     .   (no gloves)
MR       .....                  (no boots)
Stlth    ++........             (no amulet)
Regen    0.0/turn               (no ring)
MPRegen  0.1/turn               (no ring)

@: non-regenerating
A: damage resistance, heal wounds, sense surroundings 1, no regeneration
a: Heal Wounds


You were on level 5 of the Dungeon.
You were not hungry.

You visited 1 branch of the dungeon, and saw 5 of its levels.

You collected 75 gold pieces.

Inventory:

Hand Weapons
 e - a +0 dagger (weapon)
Armour
 a - a +0 robe
 f - a cursed +0 leather armour (worn)
 g - a cursed +0 leather armour
Wands
 j - a wand of flame (9/48)
Potions
 d - a potion of curing {unknown}
 i - 2 potions of heal wounds {unknown}
 k - a potion of agility {unknown}
Books
 b - a book of Necromancy

   Spells                             Type                      Level
   a - Pain                           Necromancy                   1
   b - Animate Skeleton               Necromancy                   1
   c - Vampiric Draining              Necromancy                   3
   d - Regeneration                   Charms/Necromancy            3
   e - Animate Dead                   Necromancy                   4
   f - Control Undead                 Necromancy                   4
 h - a book of Flames

   Spells                             Type                      Level
   a - Flame Tongue                   Conjuration/Fire             1
   b - Throw Flame                    Conjuration/Fire             2
   c - Conjure Flame                  Conjuration/Fire             3
   d - Inner Flame                    Hexes/Fire                   3
   e - Sticky Flame                   Conjuration/Fire             4
   f - Fireball                       Conjuration/Fire             5
Comestibles
 c - 3 bread rations


   Skills:
 - Level 2.1 Dodging
 - Level 2.4 Stealth
 - Level 2.0 Spellcasting
 + Level 4.6 Necromancy


You had 3 spell levels left.
You knew the following spells:

 Your Spells              Type           Power        Failure   Level  Hunger
a - Pain                  Necr           ###.         4%          1    #......


Dungeon Overview and Level Annotations

Branches:
Dungeon (5/15)             Temple (0/1) D:5

Altars:

Annotations:
D:4 Grinder


Innate Abilities, Weirdness & Mutations

You are resistant to damage.
You can heal yourself by infusing magical energy.
You passively map a small area around you.
You do not regenerate.


Message History

Okay, then.
Found a chain mail.
An ogre comes into view. It is wielding a giant club.
The ogre shouts!
There is an open door here.
You open the door.
There is an open door here.
Found a staircase to the Ecumenical Temple.
There is a dry fountain here.
Found a scroll labeled TETOTAOZOG.
There is a staircase to the Ecumenical Temple here.
There is a fountain of clear blue water here.
You see here a scroll labeled TETOTAOZOG.
Found a royal jelly.
Found 2 bubbling silvery potions.
Found a hardcover book.
You see here a royal jelly.
The ogre hits you with a giant club!
Ouch! That really hurt!
You die...

, * , * , * , , ,
#..# * * *.... , #..#
###### # * #...# #..#
..... # * #...# *#..#
...# #, #...#
#..##..#*, #+# #...#
###...@..# ..# #.⌠.#
#....O.#.#*
..###...######%#.#*#*
* ...........# #.#...
...⌠..>..⌠.###.######
#+..................#
#.###...###.?.....#.#
#.* #.⌠.# #.....###.#
## #...# #.........#


You could see an ogre.

Vanquished Creatures
  A ball python (D:2)
  A goblin (D:2)
  A hobgoblin (D:3)
  A kobold (D:2)
  3 rats
7 creatures vanquished.

Notes
Turn   | Place    | Note
-------+----------+-------------------------------------------
     0 | D:1      | letownia2 the Deep Dwarf Necromancer began the quest for the Orb.
     0 | D:1      | Reached XP level 1. HP: 15/15 MP: 3/3
   459 | D:4      | Noticed a howler monkey
   605 | D:4      | Noticed Grinder
   616 | D:5      | Entered Level 5 of the Dungeon
   647 | D:5      | Noticed a jelly
   685 | D:5      | Noticed an ogre
   734 | D:5      | Found a staircase to the Ecumenical Temple.
   764 | D:5      | Mangled by an ogre

Skill      XL: |  1 |
---------------+----+-----
Spellcasting   | 2 |  2.0
Dodging        | |  2.1
Stealth        | |  2.4
Necromancy     | |  4.6

Action                   || total
-------------------------++-------
 Cast: Pain              ||    10
